 Dungeon Crawl Stone Soup version 0.28.0-53-g5a82cb258f (webtiles) character file.

Game seed: 11936599388200170226

44583 Sin92 the Severer (level 13, -4/122 HPs)
             Began as a Minotaur Fighter on June 16, 2022.
             Was the Champion of Okawaru.
             Slain by an ice devil (22 damage)
             ... on level 4 of the Lair of Beasts.
             The game lasted 00:36:55 (18964 turns).

Sin92 the Severer (Minotaur Fighter)               Turns: 18964, Time: 00:36:56

Health: -4/122     AC: 23    Str: 25    XL:     13   Next: 97%
Magic:  16/16      EV: 10    Int:  5    God:    Okawaru [******]
Gold:   917        SH: 18    Dex: 13    Spells: 12/12 levels left

rFire   . . .      SeeInvis +   Q - +8 broad axe (freeze)
rCold   . . .      Faith    .   H - +1 kite shield
rNeg    . . .      Spirit   .   h - +0 plate armour
rPois   .          Reflect  +   O - +1 hat
rElec   .          Harm     .   l - +1 cloak
rCorr   +          Rampage  .   M - +1 pair of gloves "Bosmask" {Regen+ Str+2}
Will    .....                   B - +0 pair of boots
Stlth   ..........              n - amulet of reflection
HPRegen 1.10/turn               x - ring of see invisible
MPRegen 0.15/turn               N - ring of resist corrosion

@: no status effects
A: horns 2, retaliatory headbutt
a: Renounce Religion, Heroism, Finesse, Duel


You were on level 4 of the Lair of Beasts.
You worshipped Okawaru.
Okawaru was exalted by your worship.
You visited 2 branches of the dungeon, and saw 14 of its levels.
You also visited: Ice Cave.

You collected 917 gold pieces.

Inventory:

Hand Weapons
 a - a +1 war axe
 F - a +4 hand axe
 G - a +2 morningstar of draining
 L - the +3 broad axe "Juvowifi" {vamp, rN+ Str+2}
   (Okawaru gifted it to you on level 1 of the Lair of Beasts)

   It occasionally heals its wielder for a portion of the damage dealt when it
   wounds a living foe.
   Str:       It affects your strength (+2).
   rN:        It protects you from negative energy.
 Q - a +8 broad axe of freezing (weapon)
 T - a +2 demon whip of freezing
Missiles
 g - a throwing net (quivered)
 u - 2 silver boomerangs
Armour
 b - a +0 scale mail
 c - a +0 buckler
 h - a +0 plate armour (worn)
 l - a +1 cloak (worn)
 o - a scarf of repulsion
 B - a +0 pair of boots (worn)
 H - a +1 kite shield (worn)
 M - the +1 pair of gloves "Bosmask" (worn) {Regen+ Str+2}
   (You found it on level 1 of the Lair of Beasts)

   Str:       It affects your strength (+2).
   Regen:     It increases your rate of health regeneration.
 O - a +1 hat (worn)
 R - the +1 hat of the Iron City of Dis {Harm rCorr}
   (Okawaru gifted it to you on level 2 of the Lair of Beasts)

   rCorr:     It protects you from acid and corrosion.
   Harm:      It increases damage dealt and taken.
 S - a +0 hat of stealth
 V - a +0 pair of gloves of strength
 X - +0 ice dragon scales
Jewellery
 k - a ring of fire
 n - an amulet of reflection (around neck)
 x - a ring of see invisible (left hand)
 C - a ring of fire
 N - a ring of resist corrosion (right hand)
 U - a ring of fire
 W - a ring of ice
Wands
 y - a wand of mindburst (24)
 A - a wand of paralysis (5)
 D - a wand of flame (11)
 J - a wand of digging (7)
 K - a wand of iceblast (6)
 P - a wand of acid (7)
Scrolls
 j - 8 scrolls of teleportation
 m - 6 scrolls of blinking
 s - 5 scrolls of identify
 t - 3 scrolls of fear
 I - 3 scrolls of magic mapping
Potions
 d - 2 potions of lignification
 e - a potion of heal wounds
 f - 11 potions of curing
 i - 3 potions of attraction
 p - 3 potions of mutation
 q - a potion of flight
 r - 4 potions of magic
 v - a potion of degeneration
 w - 4 potions of might
 z - 4 potions of haste
 E - 2 potions of brilliance


   Skills:
 + Level 13.1 Fighting
 * Level 15.1 Axes
 + Level 13.2 Armour
 - Level 9.0 Dodging
 + Level 13.2 Shields
 - Level 6.5 Invocations


You had 12 spell levels left.
You didn't know any spells.
Your spell library contained the following spells:

 Spells                   Type           Power      Damage    Failure   Level
 Magic Dart               Conj           0%         1d3       100%        1
 Blink                    Tloc           0%         N/A       100%        2
 Fulminant Prism          Conj/Hex       0%         3d6       100%        4
 Petrify                  Tmut/Erth      0%         N/A       100%        4
 Borgnjor's Vile Clutch   Necr/Erth      0%         N/A       100%        5
 Fireball                 Conj/Fire      0%         3d3       100%        5
 Iskenderun's Battlesphe  Conj           0%         2d6       100%        5
 Manifold Assault         Tloc           0%         N/A       100%        5
 Metabolic Englaciation   Hex/Ice        0%         N/A       100%        5
 Conjure Ball Lightning   Conj/Air       0%         3x3d6     100%        6
 Statue Form              Tmut/Erth      0%         N/A       100%        6
 Orb of Destruction       Conj           0%         9d5       100%        7
 Storm Form               Tmut/Air       0%         N/A       100%        7


Dungeon Overview and Level Annotations

Branches:
Dungeon (10/15)            Temple (0/1) D:7            Lair (4/6) D:10
  Swamp (0/4) Lair:2        Snake (0/4) Lair:2        IceCv (visited)
    Orc: D:9-12

Altars:
Okawaru
Uskayaw

Shops:
D:7 **

Annotations:
D:5 3 runed translucent doors, gobodom's ghost, novice DsGl
D:7 3 runed translucent doors, Jackthecabe's ghost, novice KoBr; MiltankisOP's ghost, novice VSIE


Innate Abilities, Weirdness & Mutations

You have a pair of horns on your head.
You reflexively headbutt those who attack you in melee.


Message History

You slice the ice statue!!
You destroy the ice statue!
Okawaru accepts your kill.
The ice beast disappears in a puff of smoke! x2
You block the ice devil's attack.
Unknown command.
You hit the ice devil but do no damage. Your headbutt misses the ice devil.
You hit the ice devil but do no damage.
The ice devil hits you but does no damage.
The ice devil closely misses you.
You slice the ice devil!!
You headbutt the ice devil, but do no damage.
The ice devil is heavily wounded.
You hit the ice devil. The ice devil hits you. The ice devil freezes you!
You block the ice devil's attack.
You closely miss the ice devil.
You headbutt the ice devil, but do no damage.
The ice devil is heavily wounded.
You hit the ice devil. The ice devil hits you. The ice devil freezes you!!
The ice devil closely misses you.
Unknown command.
You barely miss the ice devil. You headbutt the ice devil.
The ice devil is heavily wounded.
You slash the ice devil!
The ice devil hits you but does no damage.
The ice devil misses you.
You hit the ice devil.
The ice devil is severely wounded.
You slash the ice devil!
The ice devil hits you but does no damage.
You block the ice devil's attack.
You closely miss the ice devil. Your headbutt misses the ice devil.
The ice devil is severely wounded.
You hit the ice devil but do no damage. The ice devil hits you!
The ice devil freezes you!
* * * LOW HITPOINT WARNING * * *
The ice devil hits you!
* * * LOW HITPOINT WARNING * * *
The ice devil freezes you!!
You die...

# ###≈...#.....# ###
###...... #
#.≈..≈#[....##≈####
###.#.P #
###.≈≈≈≈≈≈≈≈≈≈≈≈≈#≈###
#####
###≈≈≈≈≈≈≈≈≈≈≈≈≈≈≈≈≈≈≈P#
≈≈≈≈≈≈≈≈≈≈≈≈≈≈≈≈≈≈≈≈≈≈≈≈
≈≈≈≈≈≈≈............≈≈≈≈≈
≈≈≈.≈.................≈≈
≈.≈.........∩...4.......
≈.......8$!).(($@4......
########################


You could see 2 ice devils.

Vanquished Creatures
  Gastronok (Lair:1)
  A fire dragon (Lair:3)
  5 hydras
  2 boulder beetles (Lair:2)
  A catoblepas (Lair:1)
  A necromancer (IceCv)
  Pikel (D:4)
  An ugly thing (D:9)
  An elephant (Lair:2)
  3 black mambas
  2 ice statues
  11 cane toads
  4 rime drakes
  14 ice devils
  8 komodo dragons
  An anaconda simulacrum (IceCv)
  3 freezing wraiths
  3 polar bears
  A slime creature (D:10)
  Grinder (D:4)
  16 blink frogs
  Sigmund (D:3)
  5 dire elephant simulacra (IceCv)
  A shadow (D:10)
  39 yaks
  A wyvern (Lair:3)
  3 steam dragons
  A vampire (D:10)
  2 basilisks
  4 fire bats (Lair:3)
  Eustachio (D:6)
  3 vampire mosquitoes (D:10)
  4 death yak simulacra
  2 wargs (D:10)
  4 harpy simulacra
  An acid dragon (D:10)
  A swamp worm (Lair:2)
  6 water moccasins
  Duvessa (D:6)
  3 orc warriors
  An ice beast (D:7)
  2 necrophages
  3 ogres
  A phantom (D:5)
  A centaur (D:8)
  50 wolves
  A kobold brigand (D:10)
  Blork the orc (D:5)
  9 bullfrogs
  2 cane toad simulacra
  A gnoll sergeant (D:8)
  2 scorpions
  3 two-headed ogre simulacra
  Dowan (D:6)
  5 elephant simulacra
  2 electric eels
  10 wights
  3 howler monkeys (D:9)
  2 centaur zombies (D:9)
  Crazy Yiuf (D:2)
  4 jellies
  3 bullfrog skeletons
  7 hounds
  18 orc priests
  2 centaur skeletons
  Jessica (D:2)
  An iguana (D:6)
  16 orc wizards
  2 troll simulacra
  A spriggan simulacrum (IceCv)
  9 polar bear simulacra
  A killer bee zombie (D:4)
  4 wolf simulacra (IceCv)
  A hound skeleton (D:4)
  A howler monkey zombie (D:10)
  Robin (D:4)
  13 gnolls
  4 naga simulacra
  9 adders
  2 shadow imps
  2 white imps (D:8)
  An ufetubus (D:5)
  A worm (D:4)
  42 orcs
  7 ball pythons
  3 endoplasms
  3 giant cockroaches
  12 hobgoblins
  13 kobolds
  5 quokkas
  4 bats
  A frilled lizard (D:3)
  13 goblins
  7 rats
479 creatures vanquished.

Vanquished Creatures (others)
  A polar bear (Lair:4)
  6 fungi
  16 plants
  6 withered plants (D:7)
29 creatures vanquished.

Grand Total: 508 creatures vanquished

Notes
Turn   | Place    | Note
-------+----------+-------------------------------------------
     0 | D:1      | Sin92 the Minotaur Fighter began the quest for the Orb.
     0 | D:1      | Reached XP level 1. HP: 19/19 MP: 0/0
   307 | D:1      | Reached XP level 2. HP: 27/27 MP: 1/1
   408 | D:1      | Found a faded altar of an unknown god.
   757 | D:2      | Reached skill level 3 in Axes
   757 | D:2      | Reached skill level 1 in Dodging
   757 | D:2      | Reached XP level 3. HP: 24/33 MP: 2/2
  1226 | D:2      | Reached XP level 4. HP: 40/40 MP: 3/3
  1482 | D:2      | Noticed Jessica
  1487 | D:2      | Killed Jessica
  1596 | D:2      | Found a runed translucent door.
  1597 | D:2      | Noticed Crazy Yiuf
  1747 | D:2      | Killed Crazy Yiuf
  1897 | D:3      | Reached XP level 5. HP: 47/47 MP: 4/4
  2596 | D:3      | Noticed Sigmund
  2633 | D:3      | Killed Sigmund
  2634 | D:3      | Reached skill level 5 in Fighting
  2634 | D:3      | Reached skill level 4 in Axes
  2634 | D:3      | Reached skill level 5 in Armour
  2634 | D:3      | Reached skill level 5 in Shields
  2634 | D:3      | Reached XP level 6. HP: 5/56 MP: 5/5
  2940 | D:3      | Found an iron altar of Okawaru.
  2946 | D:3      | Became a worshipper of Warmaster Okawaru
  3673 | D:4      | Noticed Grinder
  3682 | D:4      | Reached XP level 7. HP: 34/61 MP: 6/6
  3683 | D:4      | Paralysed by Grinder for 5 turns
  3713 | D:4      | Paralysed by Grinder for 3 turns
  3730 | D:4      | Killed Grinder
  3730 | D:4      | Reached * piety under Okawaru
  3749 | D:4      | Reached skill level 5 in Axes
  3939 | D:4      | Noticed Pikel
  3953 | D:4      | Killed Pikel
  3953 | D:4      | Reached ** piety under Okawaru
  3954 | D:4      | Reached skill level 6 in Axes
  3954 | D:4      | Reached XP level 8. HP: 55/71 MP: 7/7
  4517 | D:4      | Noticed Robin
  4522 | D:4      | Reached skill level 5 in Dodging
  4534 | D:4      | Killed Robin
  4740 | D:5      | Entered Level 5 of the Dungeon
  5047 | D:5      | Noticed Blork the orc
  5054 | D:5      | Killed Blork the orc
  5411 | D:5      | Reached XP level 9. HP: 50/79 MP: 8/8
  5715 | D:5      | Found a runed translucent gate.
  5715 | D:5      | Found a runed translucent gate.
  5715 | D:5      | Found a runed translucent gate.
  5718 | D:5      | Noticed gobodom's ghost (novice DsGl)
  6060 | D:6      | Noticed Eustachio
  6061 | D:6      | Noticed Duvessa
  6065 | D:6      | Noticed Dowan
  6073 | D:6      | Killed Duvessa
  6074 | D:6      | Killed Dowan
  6075 | D:6      | Reached skill level 7 in Axes
  6090 | D:6      | Killed Eustachio
  6098 | D:6      | Reached *** piety under Okawaru
  7080 | D:7      | Found Tuikhlah's General Store.
  7252 | D:7      | Found Foghar's Fabulous Fripperies.
  7775 | D:7      | Found a runed translucent gate.
  7775 | D:7      | Found a runed translucent gate.
  7775 | D:7      | Found a runed translucent gate.
  7782 | D:7      | Noticed Jackthecabe's ghost (novice KoBr)
  7782 | D:7      | Noticed MiltankisOP's ghost (novice VSIE)
  7802 | D:7      | Found a staircase to the Ecumenical Temple.
  8179 | D:7      | Reached **** piety under Okawaru
  8854 | D:8      | Reached skill level 8 in Axes
  9099 | D:8      | Reached XP level 10. HP: 90/90 MP: 9/9
  9946 | D:9      | Noticed a red ugly thing
  9959 | D:9      | Killed a red ugly thing
 10370 | D:9      | Reached skill level 9 in Axes
 10869 | D:9      | Found a hide-covered altar of Uskayaw.
 11075 | D:10     | Entered Level 10 of the Dungeon
 11132 | D:10     | Found a staircase to the Lair.
 11141 | D:10     | Reached ***** piety under Okawaru
 11595 | D:10     | Received a gift from Okawaru
 11678 | D:10     | HP: 2/92 [enormous slime creature (56)]
 12408 | D:10     | Reached XP level 11. HP: 83/99 MP: 10/10
 12510 | D:10     | Reached skill level 10 in Armour
 12516 | D:10     | Reached skill level 10 in Shields
 12522 | D:10     | Reached skill level 10 in Fighting
 12820 | Lair:1   | Entered Level 1 of the Lair of Beasts
 13198 | Lair:1   | Identified the +3 broad axe "Juvowifi" {vamp, rN+ Str+2}
                  | (Okawaru gifted it to you on level 1 of the Lair of Beasts)
 13198 | Lair:1   | Received a gift from Okawaru
 13227 | Lair:1   | Reached skill level 1 in Invocations
 13236 | Lair:1   | Reached skill level 10 in Axes
 13563 | Lair:1   | Noticed a catoblepas
 13581 | Lair:1   | Killed a catoblepas
 13714 | Lair:1   | Identified the +1 pair of gloves "Bosmask" {Regen+ Str+2}
 13748 | Lair:1   | Noticed Gastronok
 13759 | Lair:1   | Received a gift from Okawaru
 13760 | Lair:1   | Killed Gastronok
 13940 | Lair:1   | Reached skill level 11 in Axes
 13974 | Lair:1   | Noticed a six-headed hydra
 14009 | Lair:1   | Killed a ten-headed hydra
 14010 | Lair:1   | Reached XP level 12. HP: 56/110 MP: 8/13
 14672 | Lair:2   | Found a staircase to the Swamp.
 14775 | Lair:2   | Noticed a boulder beetle
 14801 | Lair:2   | Reached ****** piety under Okawaru
 14809 | Lair:2   | Killed a boulder beetle
 14820 | Lair:2   | Received a gift from Okawaru
 14821 | Lair:2   | Reached skill level 12 in Axes
 14839 | Lair:2   | Noticed a four-headed hydra
 14839 | Lair:2   | Noticed a five-headed hydra
 14841 | Lair:2   | Noticed a boulder beetle
 14851 | Lair:2   | Killed a four-headed hydra
 14866 | Lair:2   | Killed a five-headed hydra
 14924 | Lair:2   | Killed a boulder beetle
 15330 | Lair:2   | Reached skill level 5 in Invocations
 15424 | Lair:2   | Identified the +1 hat of the Iron City of Dis {Harm rCorr}
                  | (Okawaru gifted it to you on level 2 of the Lair of Beasts)
 15424 | Lair:2   | Received a gift from Okawaru
 15743 | Lair:2   | Found a staircase to the Snake Pit.
 16118 | Lair:3   | Found a frozen archway.
 16124 | Lair:3   | Reached skill level 13 in Axes
 16131 | IceCv    | Entered an ice cave
 16370 | IceCv    | Reached XP level 13. HP: 118/118 MP: 16/16
 16425 | IceCv    | Found an ancient bone altar of Kikubaaqudgha.
 17048 | Lair:3   | Reached skill level 14 in Axes
 17063 | Lair:3   | Noticed a fire dragon
 17077 | Lair:3   | Killed a fire dragon
 17094 | Lair:3   | Identified the +4 rapier "Votwesov" {drain, rN+ Will++
                  | Str+7}
 17096 | Lair:3   | Got the Catalogue of Evil Battle Magic
 17699 | Lair:4   | Received a gift from Okawaru
 18196 | Lair:4   | Reached skill level 15 in Axes
 18964 | Lair:4   | Slain by an ice devil

Illustrated notes

Levels and vault maps discovered:
D:1:      dpeg_arrival_windows_large_door, layout_basic,
          chequers_ecumenical_altar_simple, chequers_serial_rivers_room_b
D:2:      layout_basic, minmay_increasing_density, uniq_crazy_yiuf_cottage,
          uniq_jessica
D:3:      layout_loops_corners, mainiacjoe_overflow_six_doors_small,
          minmay_strange_pillars, minmay_mini_jars, uniq_sigmund
D:4:      layout_basic, minmay_a_box_with_orc_wizards_in_it, uniq_robin,
          uniq_grinder, uniq_pikel
D:5:      layout_basic, ebering_ghost_rock_garden, uniq_blork_the_orc
D:6:      layout_basic, uniq_eustachio, uniq_duvessa
D:7:      layout_basic, minmay_temple_entry_ruins, serial_glass,
          glass_columns_b, glass_columns_c, glass_columns_b, glass_columns_c,
          glass_columns_b, glass_columns_a, minmay_strange_pillars,
          serial_shops, nicolae_shop_trees, gammafunk_ghost_cemetery,
          nicolae_alphabet_shops, kennysheep_pointless_box
D:8:      layout_gridville
D:9:      layout_basic, kennysheep_little_box, serial_glass, glass_columns_a,
          glass_columns_b, minmay_circle_x
D:10:     layout_long_grid, erik_lair_orcish_takeover,
          chequers_hall_statues_wall_a
Lair:1:   layout_cave_pods, grunt_forest_large_clearings, grunt_megastairs_1,
          serial_bayou_shore_a, uniq_gastronok
Lair:2:   nzn_winding_woodlands_three_and_one
          [nzn_winding_woodlands_5x15_sawtooth, nzn_winding_woodlands_5x15_pool,
          nzn_winding_woodlands_5x15_eye,
          nzn_winding_woodlands_center_triple_pond], layout_small_grid,
          minmay_swamp_entry_worms, dummy_snake_entry, minmay_holes
Lair:3:   dragon1_lemuel, layout_misc_corridors, portal_ice_cave_rime,
          chequers_serial_rivers_room_a
Lair:4:   dreamdust_isle_of_ice, layout_layer_cave

Skill      XL: |  1  2  3  4  5  6  7  8  9 10 11 12 13 |
---------------+----------------------------------------+-----
Fighting       | 4 5 6 7 8 9 11 12 13 | 13.1
Axes           | 3 4 6 8 9 11 13 15 | 15.1
Armour         | 4 5 6 7 8 9 11 12 13 | 13.2
Dodging        | 1 2 3 4 5 6 8 9 |  9.0
Shields        | 4 5 6 7 8 9 11 12 13 | 13.2
Invocations    | 3 5 6 |  6.5

Action                   |  1- 3 |  4- 6 |  7- 9 | 10-12 | 13-15 || total
-------------------------+-------+-------+-------+-------+-------++-------
Melee: War axe           |    39 |   118 |   317 |   110 |       ||   584
       Headbutt          |     5 |    16 |    55 |   155 |    90 ||   321
       Hand axe          |       |       |       |   234 |       ||   234
       Broad axe         |       |       |       |   304 |   319 ||   623
       Morningstar       |       |       |       |    32 |       ||    32
       Demon whip        |       |       |       |       |     5 ||     5
Invok: Finesse           |       |       |       |     3 |     2 ||     5
       Heroism           |       |       |       |     1 |     1 ||     2
  Use: Scroll            |     2 |     5 |     5 |    10 |     2 ||    24
       Potion            |       |       |     7 |       |     2 ||     9
Armor: Plate armour      |    20 |    79 |   203 |   298 |   231 ||   831
       Scale mail        |     2 |       |       |       |       ||     2
Dodge: Dodged            |    21 |    28 |    98 |   201 |    92 ||   440
Block: Buckler           |    11 |    15 |   125 |    41 |       ||   192
       Reflection        |       |       |     4 |     3 |     1 ||     8
       Kite shield       |       |       |       |   590 |   318 ||   908
